 Dungeon Crawl Stone Soup version 0.22-a0-410-g97be04f (webtiles) character file.

114 Mgcat the Chopper (level 4, 0/42 HPs)
             Began as a Hill Orc Chaos Knight on May 11, 2018.
             Succumbed to a kobold's poison
             ... on level 2 of the Dungeon.
             The game lasted 00:04:17 (1703 turns).

Mgcat the Chopper (Hill Orc Chaos Knight)           Turns: 1703, Time: 00:04:18

Health: 0/42       AC:  6    Str: 14 (15) XL:     4   Next: 97%
Magic:  4/4        EV: 16    Int: 11 (12) God:    Xom [..*...]
Gold:   61         SH:  0    Dex: 12 (15) Spells: 3/3 levels left

rFire    . . .     SeeInvis .   a - +0 hand axe (chaos)
rCold    . . .     Gourm    .   (no shield)
rNeg     . . .     Faith    .   b - +2 leather armour
rPois    .         Spirit   .   (no helmet)
rElec    .         Reflect  .   (no cloak)
rCorr    .         Harm     .   (no gloves)
MR       .....                  (no boots)
Stlth    ++........             (no amulet)
HPRegen  0.14/turn              m - +1 ring of protection
MPRegen  0.09/turn              (no ring)

@: agile, lethally poisoned (0 -> 0)
A: no striking features
a: Renounce Religion


You were on level 2 of the Dungeon.
You worshipped Xom.
You were a toy of Xom.
You were not hungry.

You visited 1 branch of the dungeon, and saw 3 of its levels.

You collected 61 gold pieces.

Inventory:

Hand Weapons
 a - a +0 hand axe of chaos (weapon)
Armour
 b - a +2 leather armour (worn)
 n - a +0 helmet
   (You took it off Robin on level 2 of the Dungeon)
Jewellery
 m - a +1 ring of protection (left hand)
   (You found it on level 2 of the Dungeon)
Scrolls
 d - 3 scrolls of teleportation
 e - 6 scrolls of remove curse
 f - a scroll of identify
Potions
 k - a potion of magic
Comestibles
 c - 4 rations
 g - 17 chunks of flesh {@w0}


   Skills:
 + Level 5.3 Fighting
 + Level 5.8 Axes
 - Level 2.1 Armour
 - Level 0.7 Dodging


You had 3 spell levels left.
You didn't know any spells.

Dungeon Overview and Level Annotations

Branches:
Dungeon (3/15)

Altars:


Message History

You feel sick. The bat hits you but does no damage.
You feel sick.
You see here 2 poisoned needles.
You feel sick. The bat barely misses you. The ball python barely misses you.
The ball python misses you.
There is a stone staircase leading up here.
You see here a poisoned needle.
You feel sick. The bat misses you.
The ball python bites you but does no damage.
The ball python closely misses you. The bat barely misses you.
The hobgoblin barely misses you. The ball python misses you.
The ball python grabs you.
You stop ascending the stairs.
The ball python constricts you.
You escape the ball python's grasp.
You feel sick. The bat barely misses you. The hobgoblin barely misses you.
You climb upwards.
You feel sick.
There is a stone staircase leading down here.
It was a potion of magic.
Magic courses through your body.
You feel sick. The bat barely misses you.
The ball python bites you but does no damage.
The ball python grabs you. The ball python constricts you.
The hobgoblin hits you but does no damage.
The ball python barely misses you. The ball python constricts you.
It was a potion of degeneration.
There was something very wrong with that liquid.
You feel weakened.
You feel dopey.
You feel clumsy.
Xom is mildly amused.
You feel sick.
Xom makes a sudden noise!
You hear the chiming of a distant gong.
The bat hits you but does no damage. The hobgoblin hits you.
The ball python bites you but does no damage.
The ball python constricts you.
It was a potion of agility.
You feel agile all of a sudden.
You feel sick. The bat barely misses you. The hobgoblin misses you.
The ball python completely misses you. The ball python constricts you.
As you read the scroll labeled DOOPSO KUGI, it crumbles to dust.
It is a scroll of identify.
e - 6 scrolls of remove curse You feel sick.
The bat barely misses you. The ball python closely misses you.
The ball python constricts you. The hobgoblin misses you.
As you read the scroll labeled SOXZIXTIXUXT, it crumbles to dust.
You feel strangely unstable.
It was a scroll of teleportation.
You feel sick. The bat hits you but does no damage.
The ball python closely misses you.
* * * LOW HITPOINT WARNING * * *
The ball python constricts you. The hobgoblin barely misses you.
As you read the scroll labeled OREITI LOLUTA, it crumbles to dust.
You assume a fearsome visage.
The bat looks frightened!
The hobgoblin looks frightened!
The ball python looks frightened!
It was a scroll of fear.
* * * LOW HITPOINT WARNING * * *
You feel sick. The ball python loses its grip on you.
Unknown command.
Unknown command.
As you read the scroll labeled HAUL ZIDGHI, it crumbles to dust.
The creatures around you are filled with an inner flame!
It was a scroll of immolation.
* * * LOW HITPOINT WARNING * * *
You feel sick.
Cornered, the bat turns to fight!
Unknown command.
Unknown command.
As you read the scroll labeled HIULLE DOONGE {god gift}, it crumbles to dust.
The scroll dissolves into smoke.
It was a scroll of fog.
* * * LOW HITPOINT WARNING * * *
You feel sick.
Unknown command.
Unknown command.
Unknown command.
Unknown command.
Unknown command.
Okay, then.
Okay, then.
Okay, then.
Unknown command.
Unknown command.
Your surroundings suddenly seem different.
* * * LOW HITPOINT WARNING * * *
You feel sick.
* * * LOW HITPOINT WARNING * * *
You feel sick.
* * * LOW HITPOINT WARNING * * *
You feel sick.
* * * LOW HITPOINT WARNING * * *
You feel sick.
* * * LOW HITPOINT WARNING * * *
You feel sick.
* * * LOW HITPOINT WARNING * * *
You feel sick.
* * * LOW HITPOINT WARNING * * *
You feel sick.
* * * LOW HITPOINT WARNING * * *
You feel sick.
* * * LOW HITPOINT WARNING * * *
You feel sick.
* * * LOW HITPOINT WARNING * * *
You feel sick.
* * * LOW HITPOINT WARNING * * *
You feel sick.
You die...
Xom giggles madly!

#.................#####........
#..#..............# #.#......
###..##.####........#####.#......
#....##..........................
#.##.##.......##.#...####........
#.##.##......###...##.....#......
#.##.......#..........#####<.....
#.####..##............#####......
#.......#.....#.@................
#....(...>....#.......#####......
.................................
......#..####.#.........##.##....
......#...###......#.##....###...
#.....#.#.......##.....##.<##....
#.......#######..###....#..##.#..
#.####..# ##..####..#.....#..
#.####..#########.#####...)#.....


There were no monsters in sight!

Vanquished Creatures
  Robin (D:2)
  5 adders (D:2)
  An ooze (D:2)
  2 dart slugs (D:1)
  2 giant cockroaches
  9 hobgoblins
  3 jackals (D:2)
  A quokka (D:2)
  4 bats
  2 frilled lizards (D:1)
  11 goblins
  3 kobolds
  7 rats
51 creatures vanquished.

Notes
Turn   | Place    | Note
-------+----------+-------------------------------------------
     0 | D:1      | Mgcat the Hill Orc Chaos Knight began the quest for the Orb.
     0 | D:1      | Reached XP level 1. HP: 19/19 MP: 1/1
    67 | D:1      | XOM: harmless Conj miscast
   161 | D:1      | Reached skill level 4 in Fighting
   161 | D:1      | Reached XP level 2. HP: 23/27 MP: 2/2
   403 | D:1      | XOM: cloud trail
   473 | D:1      | XOM: fake destruction
   531 | D:1      | XOM: silly message
   800 | D:2      | Reached XP level 3. HP: 34/34 MP: 3/3
   807 | D:2      | XOM: noise
   819 | D:2      | Reached skill level 5 in Axes
   960 | D:2      | XOM is BORED!
   960 | D:2      | XOM: noise
  1182 | D:2      | XOM: god gift: paperback book {god gift}
  1191 | D:2      | Reached XP level 4. HP: 32/41 MP: 4/4
  1214 | D:2      | XOM: harmless Summ miscast
  1364 | D:2      | Reached skill level 5 in Fighting
  1404 | D:2      | XOM: god gift: scroll labeled HIULLE DOONGE {god gift}
  1499 | D:2      | Noticed Robin
  1532 | D:2      | Killed Robin
  1668 | D:2      | XOM: noise
  1672 | D:2      | HP: 10/42 [poisoned by a kobold]
  1678 | D:2      | HP: 6/42 [poisoned by a kobold]
  1683 | D:2      | HP: 4/42 [poisoned by a kobold]
  1688 | D:2      | HP: 2/42 [poisoned by a kobold]
  1695 | D:2      | HP: 1/42 [poisoned by a kobold]
  1703 | D:2      | Succumbed to a kobold's poison

Vault maps used:
D:1:      eino_arrival_cavern_a
D:2:      corner_web_ring, serial_bayou_pond_a, uniq_robin
D:3:      chequers_ecumenical_altar_lobes

Skill      XL: |  1  2  3  4 |
---------------+-------------+-----
Fighting       | 4 5 |  5.3
Axes           | 5 |  5.8
Armour         | |  2.1
Dodging        | |  0.7

Action                   |  1- 3 |  4- 6 || total
-------------------------+-------+-------++-------
Melee: Hand axe          |    95 |    61 ||   156
  Use: Scroll            |       |     5 ||     5
       Potion            |       |     3 ||     3
 Stab: Petrifying        |       |     1 ||     1
  Eat: Chunk             |     1 |     2 ||     3
Armor: Leather armour    |    38 |    25 ||    63
Dodge: Dodged            |    58 |    60 ||   118

Table legend:
 A = Spawn XP
 B = Non-spawn XP
 C = Spawn XP percentage of total XP
 D = Spawn monster count
 E = Non-spawn monster count
 F = Spawn count percentage of total count
 G = Total turns spent on level
                    A         B        C        D         E        F      G
               +---------+---------+-------+---------+---------+-------+---------
         Total |       0 |     163 |   0.0 |       0 |      51 |   0.0 |  1703
               +---------+---------+-------+---------+---------+-------+---------
           D:1 |       0 |      33 |   0.0 |       0 |      19 |   0.0 |   956
           D:2 |       0 |     129 |   0.0 |       0 |      31 |   0.0 |   731
           D:3 |       0 |       1 |   0.0 |       0 |       1 |   0.0 |    16
               +---------+---------+-------+---------+---------+-------+---------

Vault maps used:
D:1:      eino_arrival_cavern_a
D:2:      corner_web_ring, serial_bayou_pond_a, uniq_robin
D:3:      chequers_ecumenical_altar_lobes

Table legend:
 A = Turns spent in this place as a percentage of turns spent in the entire game.
 B = Non-inter-level travel turns spent in this place as a percentage of non-inter-level travel turns spent in the entire game.
 C = Inter-level travel turns spent in this place as a percentage of turns spent in this place.
 D = Turns resting spent in this place as a percentage of non-inter-level travel turns spent in this place.
 E = Turns spent auto-exploring this place as a percentage of non-inter-level travel turns spent in this place.
 F = Non-inter-level travel turns spent in this place divided by the number of levels of this place that you've seen.
                   A       B       C       D       E      F
               +-------+-------+-------+-------+-------+----------------------
         Total | 100.0 | 100.0 |   5.0 |   0.0 |  73.3 | 539.3
       Dungeon | 100.0 | 100.0 |   5.0 |   0.0 |  73.3 | 539.3
               +-------+-------+-------+-------+-------+----------------------

Table legend:
 A = Kills in this place as a percentage of kills in entire the game.
 B = Kills by you in this place as a percentage of kills by you in the entire game.
 C = Kills by friends in this place as a percentage of kills by friends in the entire game.
 D = Other kills in this place as a percentage of other kills in the entire game.
 E = Experience gained in this place as a percentage of experience gained in the entire game.
 F = Experience gained in this place divided by the number of levels of this place that you have seen.
                   A       B       C       D       E      F
               +-------+-------+-------+-------+-------+----------------------
         Total | 100.0 | 100.0 |   N/A |   N/A | 100.0 |  54.3
       Dungeon | 100.0 | 100.0 |   N/A |   N/A | 100.0 |  54.3
               +-------+-------+-------+-------+-------+----------------------
